 Dungeon Crawl Stone Soup version 0.24-a0-439-g6dd8730de2 (webtiles) character file.

Game seed: 13542155674020343712

251 Conn the Ruffian (level 6, -1/52 HPs)
             Began as a Ghoul Abyssal Knight on June 18, 2019.
             Was a Priest of Lugonu.
             Killed by divine providence
             ... invoked by an orc priest
              (11 damage)
             ... on level 4 of the Dungeon.
             The game lasted 00:11:13 (2637 turns).

Conn the Ruffian (Ghoul Abyssal Knight)             Turns: 2637, Time: 00:11:13

Health: -1/52      AC:  6    Str: 18    XL:     6   Next: 13%
Magic:  7/7        EV: 11    Int:  7    God:    Lugonu [***...]
Gold:   43         SH:  2    Dex:  8    Spells: 5/5 levels left

rFire    . . .     SeeInvis .     - Unarmed
rCold    + . .     Gourm    .   h - +0 buckler
rNeg     + + +     Faith    .   a - +0 leather armour
rPois    ∞         Spirit   .   (no helmet)
rElec    .         Reflect  .   l - +1 cloak
rCorr    .         Harm     .   o - +0 pair of gloves
MR       .....                  (no boots)
Stlth    +.........             (no amulet)
HPRegen  0.00/turn              (no ring)
MPRegen  0.10/turn              (no ring)

@: rotting
A: rotting body, claws 1, carnivore, cold resistance 1, negative energy
resistance 3, inhibited regeneration, torment resistance, unbreathing
a: Depart the Abyss, Bend Space, Banish, Renounce Religion


You were on level 4 of the Dungeon.
You worshipped Lugonu.
Lugonu was most pleased with you.
You were not hungry.

You visited 1 branch of the dungeon, and saw 5 of its levels.
You visited the Abyss 1 time.

You collected 163 gold pieces.
You spent 120 gold pieces at shops.

Inventory:

Hand Weapons
 c - a +2 quarterstaff of chaos
 k - a +2 mace of holy wrath
 p - a cursed -2 whip
 q - a +0 great mace
 t - a +0 longbow
Armour
 a - a +0 leather armour (worn)
 h - a +0 buckler (worn)
 l - a +1 cloak (worn)
 o - a +0 pair of gloves (worn)
Scrolls
 d - 2 scrolls of amnesia {unknown}
 e - 5 scrolls of identify {unknown}
 f - 2 scrolls of magic mapping {unknown}
 g - 2 scrolls of immolation {unknown}
 i - 3 scrolls of enchant armour {unknown}
 j - a scroll of enchant weapon {unknown}
 m - 2 scrolls of remove curse {unknown}
 u - a scroll of fog {unknown}
Potions
 n - a potion of haste
 s - a potion of resistance
Comestibles
 b - 6 rations


   Skills:
 + Level 4.3 Fighting
 + Level 2.3 Armour
 + Level 1.6 Dodging
 + Level 0.2 Stealth
 + Level 0.2 Shields
 + Level 5.0 Unarmed Combat
 * Level 3.0 Invocations


You had 5 spell levels left.
You didn't know any spells.
Your spell library was empty.

Dungeon Overview and Level Annotations

Branches:
Dungeon (5/15)
 Temple: D:4-7

Altars:

Shops:
D:4 !*


Innate Abilities, Weirdness & Mutations

Your body is rotting away.
You thrive on raw meat.
You are immune to poison.
You have sharp fingernails.
You are carnivorous and can eat meat at any time.
Your flesh is cold resistant. (rC+)
You are immune to negative energy. (rN+++)
You do not regenerate when monsters are visible.
You are immune to unholy pain and torment.
You can survive without breathing.


Message History

Press: ? - help, Shift-Dir - straight line, f/p - orc priest
Aim: an orc priest, wielding a +0 dagger and wearing a +0 chain mail (heavily wounded, chance to defeat MR: 81%)
You fail to use your ability.
The orc priest barely misses you.
Press: ? - help, Shift-Dir - straight line, f/p - orc priest
Aim: an orc priest, wielding a +0 dagger and wearing a +0 chain mail (heavily wounded, chance to defeat MR: 81%)
You fail to use your ability.
The orc priest closely misses you.
Press: ? - help, Shift-Dir - straight line, f/p - orc priest
Aim: an orc priest, wielding a +0 dagger and wearing a +0 chain mail (heavily wounded, chance to defeat MR: 81%)
You fail to use your ability.
The orc priest hits you with a +0 dagger.
* * * LOW HITPOINT WARNING * * *
Press: ? - help, Shift-Dir - straight line, f/p - orc priest
Aim: an orc priest, wielding a +0 dagger and wearing a +0 chain mail (heavily wounded, chance to defeat MR: 81%)
You fail to use your ability.
The orc priest closely misses you.
Press: ? - help, Shift-Dir - straight line, f/p - orc priest
Aim: an orc priest, wielding a +0 dagger and wearing a +0 chain mail (heavily wounded, chance to defeat MR: 81%)
You fail to use your ability.
The orc priest calls down the wrath of Beogh upon you.
Beogh smites you!
You die...

# #. #.#
#.##.# #.#
#....#####
#.#
#...o@...#
#.# .#
#....###.#
#.# ##.#
#.##.# #.#
#.# #... #.
##.###.#
#..# #
##...##.#
##..#
#.##.#.#.#.#
...
..........#
#.#
###.#.#.###
###<###
######...##


You could see an orc priest.

Vanquished Creatures
  A hound (D:4)
  3 orc wizards (D:4)
  Crazy Yiuf (D:3)
  2 adders (D:2)
  An ooze (D:3)
  A worm (D:3)
  A dart slug (D:1)
  3 leopard geckos
  4 orcs (D:4)
  A ball python (D:3)
  6 giant cockroaches
  11 goblins
  7 hobgoblins
  7 jackals
  6 kobolds
  A quokka (D:3)
  5 bats
  2 frilled lizards
  A leopard gecko skeleton (D:4)
  A quokka skeleton (D:4)
  7 rats
72 creatures vanquished.

Notes
Turn   | Place    | Note
-------+----------+-------------------------------------------
     0 | Abyss:1  | Conn the Ghoul Abyssal Knight began the quest for the Orb.
     0 | Abyss:1  | Reached XP level 1. HP: 19/19 MP: 1/1
     4 | Abyss:1  | Found a stormy altar of Qazlal.
    35 | Abyss:1  | Noticed a thrashing horror
    37 | D:1      | Escaped the Abyss
   136 | D:1      | Reached XP level 2. HP: 18/27 MP: 2/2
   340 | D:1      | Reached XP level 3. HP: 18/33 MP: 3/3
   474 | D:1      | Reached skill level 1 in Dodging
   488 | D:1      | Reached ** piety under Lugonu
   952 | D:2      | Reached skill level 3 in Unarmed Combat
   998 | D:2      | Reached XP level 4. HP: 33/40 MP: 4/4
  1850 | D:3      | Found a runed translucent door.
  1851 | D:3      | Noticed Crazy Yiuf
  1862 | D:3      | Killed Crazy Yiuf
  1862 | D:3      | Reached skill level 4 in Unarmed Combat
  1862 | D:3      | Reached XP level 5. HP: 34/46 MP: 5/5
  2131 | D:4      | You fall into a shaft and drop 1 floor!
  2131 | D:5      | Entered Level 5 of the Dungeon
  2405 | D:4      | Found Romumolu's Distillery.
  2421 | D:4      | Bought a potion of haste for 120 gold pieces
  2434 | D:4      | Found Fequemagg's General Store.
  2459 | D:4      | Reached *** piety under Lugonu
  2459 | D:4      | Reached XP level 6. HP: 41/52 MP: 7/7
  2611 | D:4      | Reached skill level 5 in Unarmed Combat
  2637 | D:4      | Killed from afar by an orc priest

Levels and vault maps discovered:
D:1:      saegor_arrival_simple_a, layout_basic, minmay_statues_item,
          minmay_octomino_j4
D:2:      layout_rooms, serial_bayou, serial_bayou_pond_a, serial_bayou_shore_a,
          serial_bayou_pond_e, serial_bayou_pond_e
D:3:      layout_rooms, chequers_serial_rivers_room_a, minmay_misc_feat_hallway,
          chequers_serial_rivers_room_a, uniq_crazy_yiuf_cottage
D:4:      layout_loops_ring, nicolae_overflow_hidden_temple, first_ration,
          serial_shops, nicolae_shop_trees, shop, kennysheep_generic_room_13
D:5:      minmay_goblin_kobold_castle, layout_basic,
          nicolae_dithmenos_shadow_blocks, basic_altar,
          nemelex_xobeh_ov_fountains_minmay

Skill      XL: |  1  2  3  4  5  6 |
---------------+-------------------+-----
Armour         | 2 |  2.3
Dodging        | 1 |  1.6
Fighting       | 4 |  4.3
Unarmed Combat | 3 4 5 |  5.0
Invocations    | 3 |  3.0
Stealth        | |  0.2
Shields        | |  0.2

Action                   |  1- 3 |  4- 6 || total
-------------------------+-------+-------++-------
Melee: Unarmed           |   113 |   171 ||   284
Invok: Bend Space        |       |     1 ||     1
  Use: Potion            |     1 |     7 ||     8
  Eat: Chunk             |    16 |     7 ||    23
       Ration            |       |     1 ||     1
Armor: Leather armour    |    48 |    44 ||    92
Dodge: Dodged            |    71 |    94 ||   165
Block: Buckler           |     4 |    10 ||    14

Table legend:
 A = Non-vault XP
 B = Vault XP
 C = Vault XP percentage of total XP
 D = Non-vault monster count
 E = Vault monster count
 F = Vault count percentage of total count
                 A         B        C        D         E       F
            +---------+---------+-------+---------+---------+-------
      Total |     313 |      46 |  12.8 |      68 |       4 |   5.6
            +---------+---------+-------+---------+---------+-------
        D:1 |      46 |       4 |   8.0 |      25 |       2 |   7.4
        D:2 |      38 |       0 |   0.0 |       9 |       0 |   0.0
        D:3 |      42 |      41 |  49.4 |      20 |       1 |   4.8
        D:4 |     187 |       1 |   0.5 |      14 |       1 |   6.7
            +---------+---------+-------+---------+---------+-------
